 Dungeon Crawl Stone Soup version 0.17.1-1-g73c8601 (webtiles) character file.

1617 MirrMurr the Covert (level 8, -10/36 HPs)
             Began as a Spriggan Enchanter on Jan 6, 2016.
             Was a Follower of Ashenzari.
             Mangled by an orc warrior
             ... wielding a +0 trident
              (12 damage)
             ... on level 6 of the Dungeon.
             The game lasted 00:15:48 (6380 turns).

MirrMurr the Covert (Spriggan Enchanter)            Turns: 6380, Time: 00:15:48

Health: -10/36     AC:  7    Str:  4    XL:     8   Next: 64%
Magic:  2/20       EV: 18    Int: 19    God:    Ashenzari [*.....]
Gold:   235        SH:  0    Dex: 16    Spells: 4 memorised, 13 levels left

rFire  . . .     SeeInvis +     a - +2 dagger (curse)
rCold  + . .     Clarity  +     b - +2 robe (curse)
rNeg   . . .     SustAt   .     (shield restricted)
rPois  +         Gourm    .     (helmet restricted)
rElec  .         Spirit   .     h - +2 cloak {rPois}
rCorr  +         Warding  .     (gloves unavailable)
rMut   .         Stasis   .     (boots unavailable)
MR     ++...                    s - amulet of resist corrosion
Stlth  +++++++...               v - ring of protection from magic
                                e - ring of protection from cold (curse)

@: very slightly contaminated, very quick, very resistant to hostile
enchantments, extremely stealthy
A: unfitting armour, horns 1, talons 1, see invisible, clarity, herbivore 3,
speed 3, slow metabolism 2
a: Scrying, Renounce Religion


You were on level 6 of the Dungeon.
You worshipped Ashenzari.
Ashenzari was aware of your devotion.
You were not hungry.

You visited 2 branches of the dungeon, and saw 7 of its levels.

You collected 235 gold pieces.

Inventory:

Hand Weapons
 a - a cursed +2 dagger (weapon)
 j - a +0 rapier
Missiles
 m - 182 stones
 n - 20 poisoned needles
 o - 5 tomahawks (quivered)
Armour
 b - a cursed +2 robe (worn)
 h - a +2 cloak of poison resistance (worn)
Jewellery
 e - a cursed ring of protection from cold (left hand)
 l - an uncursed ring of ice
 s - an amulet of resist corrosion (around neck)
 v - a ring of protection from magic (right hand)
Scrolls
 i - 6 scrolls of identify
 q - 3 scrolls of amnesia
 r - 2 scrolls of fog
 w - a scroll of teleportation
 x - a scroll of enchant weapon
Potions
 g - 3 potions of heal wounds
 k - a potion of cure mutation
 p - 4 potions of curing
 t - 2 potions of magic
 u - a potion of haste
Books
 c - a book of Maledictions

   Spells                             Type                      Level
   a - Corona                         Hexes                        1
   b - Ensorcelled Hibernation        Hexes/Ice                    2
   c - Confuse                        Hexes                        3
   d - Tukima's Dance                 Hexes                        3
   e - Dazzling Spray                 Conjuration/Hexes            3
Comestibles
 d - 7 bread rations
 f - a slice of pizza


   Skills:
 - Level 1.1 Short Blades
 - Level 3.0 Dodging
 * Level 14.0 Stealth
 + Level 7.8 Spellcasting
 - Level 3.6 Hexes


You had 13 spell levels left.
You knew the following spells:

 Your Spells              Type           Power        Failure   Level  Hunger
a - Ensorcelled Hibernat  Hex/Ice        ##....       10%         2    None
b - Confuse               Hex            ###.....     8%          3    #......
c - Corona                Hex            ###....      1%          1    None
d - Dazzling Spray        Conj/Hex       ##......     14%         3    #......


Dungeon Overview and Level Annotations

Branches:
Dungeon (6/15)             Temple (1/1) D:5

Altars:
Ashenzari
Cheibriados
Elyvilon
Fedhas
Gozag
Kikubaaqudgha
Makhleb
Okawaru
Qazlal
Ru
Sif Muna
Trog
Vehumet
Xom
Yredelemnul
Zin
The Shining One

Shops:
D:5 %

Annotations:
D:5 food


Innate Abilities, Weirdness & Mutations

You are tiny and cannot use many weapons and most armour.
You have supernaturally acute eyesight.
You are a herbivore.
You cover ground extremely quickly.
You need consume almost no food.
You have a pair of small horns on your head.
You have sharp toenails.
You possess an exceptional clarity of mind.


Message History

You see here a stone.
The orc warrior closely misses you.
There is a large open door here.
Casting: Dazzling Spray
Confirm with . or Enter, or press ? or * to list all spells.
Aiming: Dazzling Spray
Press: ? - help, Shift-Dir - straight line, f/p - orc warrior
Aim: an orc warrior, wielding a trident and wearing a plate armour (lightly wounded)
The spray of energy hits the orc warrior.
The orc warrior is lightly wounded.
Casting: Dazzling Spray
Confirm with . or Enter, or press ? or * to list all spells.
Aiming: Dazzling Spray
Press: ? - help, Shift-Dir - straight line, f/p - orc warrior
Aim: an orc warrior, wielding a trident and wearing a plate armour (lightly wounded)
You miscast Dazzling Spray.
You are very lightly contaminated with residual magic.
Multicoloured lights dance before your eyes!
The orc warrior hits you from afar with a trident!
You die...

..# ###.########.#.# #.# ## ..#
#..............# #.# ..#
#.#.......##.## #####.####
..#####.##.#.##....# #.........
..[<........#.#..#.#####..####.##
.................................
....[........?...................
.≈.≈..≈≈≈≈≈.≈.....≈≈≈≈≈≈≈..≈.≈≈≈.
≈≈≈≈≈≈≈≈≈≈≈≈)≈..@..≈≈≈≈≈≈≈≈≈≈≈≈≈≈
≈≈≈≈≈≈≈≈≈≈≈≈≈≈....≈≈≈≈≈≈≈≈≈≈≈≈≈≈≈
≈≈≈≈≈≈≈≈≈≈≈≈≈≈).o.≈≈≈≈≈≈≈≈≈≈≈≈≈≈≈
###############''################
#...(# #....# #########).(.##
.......#.()...#...
.......[(.(...'....


You could see an orc warrior.

Vanquished Creatures
  The ghost of sphynx the Chopper, a novice HOFi (D:6)
  Sigmund (D:2)
  The ghost of Poody the Archer, an amateur CeHu (D:3)
  An ice beast (D:5)
  2 ogres (D:5)
  A big kobold (D:6)
  A scorpion (D:6)
  3 wights (D:6)
  2 electric eels (D:6)
  A giant frog skeleton (D:4)
  6 worker ants
  An iguana (D:5)
  A worker ant zombie (D:5)
  4 gnolls (D:4)
  9 adders
  2 oozes
  An adder skeleton (D:6)
  A worm (D:3)
  A giant gecko (D:5)
  9 orcs
  11 bats
  4 giant cockroaches
  15 goblins
  11 hobgoblins
  13 jackals
  A quokka (D:3)
  A ball python (D:2)
  4 giant newts
  8 kobolds
  A quokka zombie (D:5)
  12 rats
130 creatures vanquished.

Vanquished Creatures (others)
  A kobold (D:6)
1 creature vanquished.

Grand Total: 131 creatures vanquished

Notes
Turn   | Place    | Note
--------------------------------------------------------------
     0 | D:1      | MirrMurr the Spriggan Enchanter began the quest for the Orb.
     0 | D:1      | Reached XP level 1. HP: 9/9 MP: 5/5
    91 | D:1      | Reached skill level 5 in Stealth
   409 | D:1      | Reached XP level 2. HP: 13/13 MP: 6/6
   913 | D:1      | Reached skill level 6 in Stealth
  1347 | D:1      | Reached XP level 3. HP: 13/16 MP: 8/8
  1351 | D:1      | Learned a level 2 spell: Ensorcelled Hibernation
  1355 | D:1      | Learned a level 3 spell: Confuse
  1845 | D:2      | Noticed Sigmund
  1965 | D:2      | Gained mutation: You have sharp toenails. [potion of mutation]
  1965 | D:2      | Gained mutation: You have a pair of small horns on your head. [potion of mutation]
  1965 | D:2      | Gained mutation: You possess an exceptional clarity of mind. [potion of mutation]
  1969 | D:2      | Killed Sigmund
  1969 | D:2      | Reached skill level 8 in Stealth
  1969 | D:2      | Reached XP level 4. HP: 5/21 MP: 8/11
  1969 | D:2      | Reached XP level 5. HP: 5/24 MP: 8/12
  1974 | D:2      | Learned a level 3 spell: Dazzling Spray
  2456 | D:2      | Found a stormy altar of Qazlal.
  2460 | D:2      | Noticed an air elemental
  2461 | D:2      | Noticed a water elemental
  2461 | D:2      | Noticed a fire elemental
  2461 | D:2      | Noticed an earth elemental
  2749 | D:2      | Reached skill level 9 in Stealth
  2881 | D:3      | Found a burning altar of Makhleb.
  2923 | D:3      | Noticed a green death
  3014 | D:3      | Noticed Poody's ghost (amateur CeHu)
  3258 | D:3      | Reached XP level 6. HP: 23/28 MP: 9/13
  3275 | D:3      | Killed Poody's ghost
  3275 | D:3      | Reached skill level 10 in Stealth
  3339 | D:3      | Reached skill level 5 in Spellcasting
  4268 | D:4      | Reached XP level 7. HP: 32/32 MP: 14/16
  4744 | D:5      | Entered Level 5 of the Dungeon
  4744 | D:5      | Found a staircase to the Ecumenical Temple.
  4750 | D:5      | Reached skill level 11 in Stealth
  4797 | Temple   | Entered the Ecumenical Temple
  4865 | Temple   | Became a worshipper of Ashenzari the Shackled
  4982 | D:5      | Found an opulent altar of Gozag.
  5049 | D:5      | Found a shimmering altar of Xom.
  5127 | D:5      | Found Noetubyth's Food Emporium.
  5175 | D:5      | Reached skill level 12 in Stealth
  5667 | D:6      | Reached XP level 8. HP: 36/36 MP: 13/18
  5684 | D:6      | Reached * piety under Ashenzari
  5719 | D:6      | Found a deep blue altar of Sif Muna.
  5764 | D:6      | Noticed sphynx's ghost (novice HOFi)
  5780 | D:6      | Killed sphynx's ghost
  5780 | D:6      | Reached skill level 13 in Stealth
  6022 | D:6      | Found a bloodstained altar of Trog.
  6337 | D:6      | Reached skill level 14 in Stealth
  6369 | D:6      | HP: 1/36 [orc warrior/trident (16)]
  6380 | D:6      | Mangled by an orc warrior

Action                   |  1- 3 |  4- 6 |  7- 9 || total
-------------------------+-------+-------+-------++-------
Melee: Dagger            |   129 |   114 |   115 ||   358
 Cast: Ensorcelled Hiber |     1 |     8 |    14 ||    23
       Confuse           |       |     4 |     9 ||    13
       Dazzling Spray    |       |     3 |     6 ||     9
  Use: Potion            |     3 |       |       ||     3
       Scroll            |       |    11 |     9 ||    20
 Stab: Sleeping          |    10 |    26 |    19 ||    55
       Confused          |       |     2 |     6 ||     8
  Eat: Bread ration      |       |     1 |       ||     1
       Pizza             |       |     1 |       ||     1
